Sharks vs Jets
Created - 22 février 2013 at 19:04
Goals
|
| Sharks |
0 |
1 |
1 |
0 |
1 |
3 |
| Jets |
1 |
1 |
0 |
0 |
0 |
2 |
|
Shots
|
| Sharks |
10 |
18 |
5 |
4 |
3 |
37 |
| Jets |
17 |
10 |
7 |
0 |
3 |
34 |
|
1st period
1. Jets , Martin Erat 16 (Jason Arnott, Benoit Pouliot) at 10:37
Penalties :
Andrei Markov (SJS) for High sticking (Minor) at 12:01
2nd period
2. Jets , Benoit Pouliot 14 (Pavel Kubina) at 4:40 (PP)
3. Sharks , Mikko Koivu 17 (Milan Hejduk) at 5:47
Penalties :
Mike Johnson (SJS) for Interference (Minor) at 4:30, Zenon Konopka (Win) for Goalie Interference (Minor) at 8:41
3rd period
4. Sharks , Tomas Fleischmann 3 (Mikko Koivu, David Hale) at 9:19
Penalties :
Justin Williams (Win) for Tripping (Minor) at 0:51, Daniel Sedin (SJS) for Cross-checking (Minor) at 7:06, Mike Komisarek (SJS) for High sticking (Minor) at 9:25, Justin Williams (Win) for Hooking (Minor) at 13:41, Pavel Kubina (Win) for Holding (Minor) at 17:00
Overtime #1
No Goal
Penalties :
No Penalty
Shootout
Penalty Shot by Henrik Sedin for Sharks - Goal!
Penalty Shot by Peter Worrell for Jets - Stopped by Martin Biron
Penalty Shot by Daniel Sedin for Sharks - Stopped by Maxime Daigneault
Penalty Shot by Jason Arnott for Jets - Stopped by Martin Biron
Penalty Shot by Ryan Malone for Sharks - Stopped by Maxime Daigneault
Penalty Shot by Benoit Pouliot for Jets - Stopped by Martin Biron
Penalties :
No Penalty
Goalie Stats
Martin Biron (SJS), 32 saves from 34 shots - (0,941), W, 6-1-2, 65:00 minutes
Maxime Daigneault (Win), 35 saves from 37 shots - (0,946), OTL, 7-3-6, 65:00 minutes
Players Stats for Sharks
Player Name G A P +/- PIM S H SB GA TA FO MP PP MP PK MP
------------------------------------------------------------------------------------
Adam Mair 0 0 0 0 0 0 1 1 0 0 1/2 10:12 0:00 1:44
Andrei Markov 0 0 0 0 2 3 3 1 0 0 0/0 30:17 4:47 2:20
Bates Battaglia 0 0 0 0 0 0 2 0 0 0 0/0 9:35 0:00 1:41
Bobby Ryan 0 0 0 -1 0 5 1 0 0 0 0/2 21:00 4:22 0:00
Dan Girardi 0 0 0 -1 0 1 2 3 0 2 0/0 23:49 3:09 2:53
Daniel Sedin 0 0 0 -1 2 5 2 0 4 0 0/0 23:02 4:22 2:06
David Hale 0 1 1 2 0 1 0 0 0 0 0/0 12:16 0:00 2:01
Georges Laraque 0 0 0 0 0 0 0 0 0 0 0/0 10:52 0:00 0:00
Henrik Sedin 0 0 0 -1 0 6 1 0 0 1 21/40 23:49 4:21 2:55
Joni Pitkanen 0 0 0 0 0 2 2 1 0 2 0/0 30:27 4:47 3:03
Mike Fisher 0 0 0 0 0 2 1 0 0 0 2/7 14:53 0:01 1:48
Mike Johnson 0 0 0 0 2 1 0 0 0 0 0/0 7:50 0:00 0:00
Mike Komisarek 0 0 0 -1 2 0 3 0 2 0 0/0 22:17 3:09 1:57
Mikko Koivu 1 1 2 2 0 4 1 0 0 0 3/8 17:00 3:34 0:00
Milan Hejduk 0 1 1 2 0 2 1 0 0 0 0/1 18:29 3:34 1:12
Ryan Malone 0 0 0 0 0 2 0 0 0 0 0/0 11:01 0:00 0:43
Tomas Fleischmann 1 0 1 2 0 3 1 1 0 0 1/1 15:53 3:34 0:05
Vitaly Vishnevsky 0 0 0 2 0 0 0 1 0 1 0/0 11:07 0:00 0:00
Players Stats for Jets
Player Name G A P +/- PIM S H SB GA TA FO MP PP MP PK MP
------------------------------------------------------------------------------------
Benoit Pouliot 1 1 2 0 0 2 2 0 0 0 0/0 18:41 3:13 1:27
Bryce Salvador 0 0 0 0 0 1 0 4 0 2 0/0 23:33 0:00 4:30
Colin White 0 0 0 0 0 1 0 1 0 0 0/0 15:39 0:00 3:30
Dainius Zubrus 0 0 0 -1 0 0 0 0 1 0 0/0 7:39 0:16 0:00
Dmitri Kalinin 0 0 0 -1 0 0 0 5 0 1 0/0 22:25 2:37 4:23
Jason Allison 0 0 0 0 0 3 2 0 0 1 19/35 20:28 3:04 0:00
Jason Arnott 0 1 1 0 0 6 1 0 0 0 7/12 20:10 2:47 3:59
Jussi Jokinen 0 0 0 0 0 5 3 2 0 0 0/2 17:48 0:07 0:00
Justin Williams 0 0 0 0 4 3 0 0 0 0 0/0 13:15 2:47 0:00
Martin Erat 1 0 1 0 0 1 1 0 0 0 1/2 12:10 0:00 0:00
Mike Leclerc 0 0 0 -1 0 3 1 1 0 1 0/0 11:37 0:00 4:11
Niklas Kronwall 0 0 0 -1 0 1 0 1 1 0 0/0 14:49 2:37 0:15
Pavel Kubina 0 1 1 0 2 2 0 2 0 0 0/0 23:02 3:30 0:00
Peter Worrell 0 0 0 0 0 0 1 0 0 0 1/1 15:05 2:47 2:15
Tuomo Ruutu 0 0 0 0 0 2 1 0 0 1 5/7 14:37 0:16 1:45
Wade Redden 0 0 0 0 0 2 4 2 3 0 0/0 30:31 3:30 3:14
Zenon Konopka 0 0 0 -1 2 2 0 0 0 0 0/2 7:30 0:00 0:00
Zigmund Palffy 0 0 0 0 0 0 1 0 1 0 0/0 23:01 3:04 2:15
3 Stars
1 - Mikko Koivu (SJS)
2 - Benoit Pouliot (Win)
3 - Tomas Fleischmann (SJS)
Power Play
Sharks - 0 on 4 Attempt(s) - 0,00%
Jets - 1 on 4 Attempt(s) - 25,00%
Penalty Kill
Sharks - 3 on 4 Attempt(s) - 75,00%
- Score 0 goal in Penalty Kill
Jets - 4 on 4 Attempt(s) - 100,00%
- Score 0 goal in Penalty Kill
Official
Referees : Morton Dean and Banfield David
Linesman : Don Henderson and Lonnie Cameron
Game Notes
No Game Note
Finance
Level 1 -- Attendance: 5206 (86,77%) -- Ticket Income 416 480 $
Level 2 -- Attendance: 4488 (89,76%) -- Ticket Income 224 400 $
Level 3 -- Attendance: 1954 (97,70%) -- Ticket Income 64 482 $
Level 4 -- Attendance: 3849 (96,23%) -- Ticket Income 76 980 $
Luxury Box -- Attendance: 934 (93,40%) -- Ticket Income 163 450 $
Game was played at the MTS Center
Total Attendance: 16431 (91,28%)
Total Ticket Income: 945 792 $
Total Income: 945 792 $
Sharks
5 vs 5 Forward
Center Left Wing Right Wing Time % Phy DF OF
1 Henrik Sedin Daniel Sedin Bobby Ryan 40 1 2 2
2 Mikko Koivu Tomas Fleischmann Milan Hejduk 30 1 2 2
3 Mike Fisher Ryan Malone Georges Laraque 20 1 2 2
4 Adam Mair Bates Battaglia Mike Johnson 10 1 2 2
5 vs 5 Defense
Defense Defense Time % Phy DF OF
1 Joni Pitkanen Andrei Markov 40 1 2 2
2 Dan Girardi Mike Komisarek 30 1 2 2
3 Vitaly Vishnevsky David Hale 20 1 2 2
4 Joni Pitkanen Andrei Markov 10 1 2 2
PowerPlay Forward
Center Left Wing Right Wing Time % Phy DF OF
1 Henrik Sedin Daniel Sedin Bobby Ryan 60 1 2 2
2 Mikko Koivu Tomas Fleischmann Milan Hejduk 40 1 2 2
PowerPlay Defense
Defense Defense Time % Phy DF OF
1 Joni Pitkanen Andrei Markov 60 1 2 2
2 Dan Girardi Mike Komisarek 40 1 2 2
Penalty Kill 4 Players Forward
Center Wing Time % Phy DF OF
1 Henrik Sedin Daniel Sedin 60 1 2 2
2 Mike Fisher Milan Hejduk 40 1 2 2
Penalty Kill 4 Players Defense
Defense Defense Time % Phy DF OF
1 Joni Pitkanen Andrei Markov 60 1 2 2
2 Dan Girardi Mike Komisarek 40 1 2 2
Penalty Kill - 3 Players Forward
Forward Time % Phy DF OF
1 Henrik Sedin 60 1 2 2
2 Daniel Sedin 40 1 2 2
Penalty Kill - 3 Players Defense
Defense Defense Time % Phy DF OF
1 Joni Pitkanen Andrei Markov 60 1 2 2
2 Dan Girardi Mike Komisarek 40 1 2 2
4 vs 4 Forward
Center Wing Time % Phy DF OF
1 Henrik Sedin Daniel Sedin 60 1 2 2
2 Mikko Koivu Milan Hejduk 40 1 2 2
4 vs 4 Defense
Defense Defense Time % Phy DF OF
1 Joni Pitkanen Andrei Markov 60 1 2 2
2 Dan Girardi Mike Komisarek 40 1 2 2
Last Minutes Offensive
Center Left Wing Right Wing Defense Defense
Henrik Sedin Daniel Sedin Georges Laraque Joni Pitkanen Andrei Markov
Last Minutes Defensive
Center Left Wing Right Wing Defense Defense
Henrik Sedin Daniel Sedin Georges Laraque Joni Pitkanen Andrei Markov
Goaltenders
Starting : Martin Biron
Backup : Pascal Leclaire
Extra Forwards
Normal : Mike Fisher, Bobby Ryan, Adam Mair - PP : Mike Fisher, Bobby Ryan - PK : Adam Mair
Extra Defensemen
Normal : Vitaly Vishnevsky, Dan Girardi, David Hale - PP : Vitaly Vishnevsky - PK : Dan Girardi, David Hale
Penalty Shots
Henrik Sedin, Daniel Sedin, Ryan Malone, Milan Hejduk, Mikko Koivu
Jets
5 vs 5 Forward
Center Left Wing Right Wing Time % Phy DF OF
1 Jason Allison Jussi Jokinen Zigmund Palffy 40 1 1 3
2 Jason Arnott Benoit Pouliot Martin Erat 30 1 1 3
3 Tuomo Ruutu Peter Worrell Justin Williams 20 1 1 3
4 Zenon Konopka Mike Leclerc Dainius Zubrus 10 1 2 2
5 vs 5 Defense
Defense Defense Time % Phy DF OF
1 Wade Redden Bryce Salvador 40 2 2 1
2 Dmitri Kalinin Pavel Kubina 30 2 2 1
3 Colin White Niklas Kronwall 20 1 2 2
4 Wade Redden Pavel Kubina 10 2 2 1
PowerPlay Forward
Center Left Wing Right Wing Time % Phy DF OF
1 Jason Allison Benoit Pouliot Zigmund Palffy 60 1 0 4
2 Jason Arnott Peter Worrell Justin Williams 40 1 0 4
PowerPlay Defense
Defense Defense Time % Phy DF OF
1 Wade Redden Pavel Kubina 60 0 1 4
2 Dmitri Kalinin Niklas Kronwall 40 0 2 3
Penalty Kill 4 Players Forward
Center Wing Time % Phy DF OF
1 Jason Arnott Mike Leclerc 60 0 4 1
2 Peter Worrell Zigmund Palffy 40 0 4 1
Penalty Kill 4 Players Defense
Defense Defense Time % Phy DF OF
1 Dmitri Kalinin Bryce Salvador 60 1 4 0
2 Colin White Wade Redden 40 1 4 0
Penalty Kill - 3 Players Forward
Forward Time % Phy DF OF
1 Mike Leclerc 60 0 4 1
2 Jason Arnott 40 0 4 1
Penalty Kill - 3 Players Defense
Defense Defense Time % Phy DF OF
1 Dmitri Kalinin Bryce Salvador 60 1 2 2
2 Colin White Wade Redden 40 1 2 2
4 vs 4 Forward
Center Wing Time % Phy DF OF
1 Jason Allison Zigmund Palffy 60 1 2 2
2 Jason Arnott Benoit Pouliot 40 1 2 2
4 vs 4 Defense
Defense Defense Time % Phy DF OF
1 Wade Redden Pavel Kubina 60 1 2 2
2 Dmitri Kalinin Bryce Salvador 40 1 2 2
Last Minutes Offensive
Center Left Wing Right Wing Defense Defense
Jason Allison Benoit Pouliot Zigmund Palffy Wade Redden Pavel Kubina
Last Minutes Defensive
Center Left Wing Right Wing Defense Defense
Jason Arnott Mike Leclerc Zigmund Palffy Bryce Salvador Wade Redden
Goaltenders
Starting : Maxime Daigneault
Backup : Ilya Bryzgalov
Extra Forwards
Normal : Jussi Jokinen, Benoit Pouliot, Tuomo Ruutu - PP : Zigmund Palffy, Benoit Pouliot - PK : Tuomo Ruutu
Extra Defensemen
Normal : Colin White, Pavel Kubina, Dmitri Kalinin - PP : Niklas Kronwall - PK : Bryce Salvador, Dmitri Kalinin
Penalty Shots
Peter Worrell, Jason Arnott, Benoit Pouliot, Jason Allison, Wade Redden
% Time on Ice - Sharks
Lines # - Real PCT - Wanted PCT - Time Play
Normal Forward
1 - 33% - 40% - 15:05
2 - 28% - 30% - 12:43
3 - 22% - 20% - 10:18
4 - 17% - 10% - 7:51
Normal Defense
1 - 37% - 40% - 17:06
2 - 33% - 30% - 15:09
3 - 23% - 20% - 10:35
4 - 7% - 10% - 3:07
PP Forward
1 - 55% - 60% - 4:22
2 - 45% - 40% - 3:34
PP Defense
1 - 60% - 60% - 4:47
2 - 40% - 40% - 3:09
PK Forward
1 - 80% - 60% - 4:55
2 - 20% - 40% - 1:12
PK Defense
1 - 69% - 60% - 4:12
2 - 31% - 40% - 1:55
PK3 Forward
1 - 0% - 60%
2 - 0% - 40%
PK3 Defense
1 - 0% - 60%
2 - 0% - 40%
44 Forward
1 - 76% - 60% - 3:47
2 - 24% - 40% - 1:13
44 Defense
1 - 63% - 60% - 3:09
2 - 37% - 40% - 1:51
Last Minute Offensive - 0:00
Last Minute Defensive - 0:00
Total
Forward - 65:00
Defense - 65:00
|
% Time on Ice - Jets
Lines # - Real PCT - Wanted PCT - Time Play
Normal Forward
1 - 37% - 40% - 16:57
2 - 28% - 30% - 12:46
3 - 21% - 20% - 9:27
4 - 15% - 10% - 6:47
Normal Defense
1 - 36% - 40% - 16:19
2 - 31% - 30% - 14:24
3 - 26% - 20% - 11:45
4 - 8% - 10% - 3:29
PP Forward
1 - 54% - 60% - 3:20
2 - 46% - 40% - 2:47
PP Defense
1 - 57% - 60% - 3:30
2 - 43% - 40% - 2:37
PK Forward
1 - 72% - 60% - 5:41
2 - 28% - 40% - 2:15
PK Defense
1 - 59% - 60% - 4:42
2 - 41% - 40% - 3:14
PK3 Forward
1 - 0% - 60%
2 - 0% - 40%
PK3 Defense
1 - 0% - 60%
2 - 0% - 40%
44 Forward
1 - 81% - 60% - 4:02
2 - 19% - 40% - 0:58
44 Defense
1 - 54% - 60% - 2:43
2 - 46% - 40% - 2:17
Last Minute Offensive - 0:00
Last Minute Defensive - 0:00
Total
Forward - 65:00
Defense - 65:00
|
Play by Play
1st period
0:01 of 1st period - Jason Allison wins face-off versus Henrik Sedin in neutral zone.
0:04 of 1st period - Joni Pitkanen is hit by Jason Allison and loses puck.
0:25 of 1st period - Andrei Markov is hit by Wade Redden and loses puck.
0:30 of 1st period - Wrist shot by Jason Arnott.
0:30 of 1st period - Stopped by Martin Biron with a rebound.
0:32 of 1st period - Snap shot by Martin Erat.
0:32 of 1st period - Shot Misses the Net.
0:44 of 1st period - Slapshot by Mikko Koivu.
0:44 of 1st period - Stopped by Maxime Daigneault without a rebound.
0:45 of 1st period - Mike Fisher wins face-off versus Tuomo Ruutu in Jets zone.
1:34 of 1st period - Slapshot by Justin Williams.
1:34 of 1st period - Shot Misses the Net.
1:48 of 1st period - Dmitri Kalinin is hit by Bates Battaglia and loses puck.
2:20 of 1st period - Snap shot by Justin Williams.
2:20 of 1st period - Stopped by Martin Biron without a rebound.
2:21 of 1st period - Henrik Sedin wins face-off versus Jason Allison in Sharks zone.
2:32 of 1st period - Slapshot by Jussi Jokinen.
2:32 of 1st period - Shot Misses the Net.
2:34 of 1st period - Wrist shot by Wade Redden.
2:34 of 1st period - Shot Misses the Net.
2:36 of 1st period - Backhand shot by Jason Allison.
2:36 of 1st period - Shot Blocked by Vitaly Vishnevsky.
2:55 of 1st period - Slapshot by Daniel Sedin.
2:55 of 1st period - Shot Blocked by Bryce Salvador.
3:09 of 1st period - Icing by Joni Pitkanen.
3:10 of 1st period - Jason Arnott wins face-off versus Mikko Koivu in Sharks zone.
3:23 of 1st period - Slapshot by Benoit Pouliot.
3:23 of 1st period - Shot Misses the Net.
3:25 of 1st period - Slapshot by Dmitri Kalinin.
3:25 of 1st period - Deflect By Jason Arnott.
3:25 of 1st period - Stopped by Martin Biron with a rebound.
3:39 of 1st period - Slapshot by Mike Fisher.
3:39 of 1st period - Shot Misses the Net.
5:44 of 1st period - Wrist shot by Henrik Sedin.
5:44 of 1st period - Shot Blocked by Dmitri Kalinin.
5:46 of 1st period - Snap shot by Daniel Sedin.
5:46 of 1st period - Stopped by Maxime Daigneault without a rebound.
5:47 of 1st period - Mikko Koivu wins face-off versus Jason Arnott in Jets zone.
5:58 of 1st period - Snap shot by Milan Hejduk.
5:58 of 1st period - Shot Misses the Net.
6:00 of 1st period - Wrist shot by Tomas Fleischmann.
6:00 of 1st period - Stopped by Maxime Daigneault with a rebound.
6:23 of 1st period - Snap shot by Jason Allison.
6:23 of 1st period - Stopped by Martin Biron with a rebound.
6:43 of 1st period - Snap shot by Mike Fisher.
6:43 of 1st period - Shot Misses the Net.
6:49 of 1st period - Ryan Malone is hit by Mike Leclerc and loses puck.
7:40 of 1st period - Dmitri Kalinin is hit by Henrik Sedin and loses puck.
7:59 of 1st period - Slapshot by Justin Williams.
7:59 of 1st period - Stopped by Martin Biron with a rebound.
8:01 of 1st period - Snap shot by Peter Worrell.
8:01 of 1st period - Shot Misses the Net.
8:03 of 1st period - Wrist shot by Tuomo Ruutu.
8:03 of 1st period - Deflect By Justin Williams.
8:03 of 1st period - Shot Blocked by Dan Girardi.
8:03 of 1st period - Puck is out of play.
8:04 of 1st period - Jason Allison wins face-off versus Milan Hejduk in Sharks zone.
8:07 of 1st period - Slapshot by Jussi Jokinen.
8:07 of 1st period - Shot Blocked by Tomas Fleischmann.
8:09 of 1st period - Snap shot by Jussi Jokinen.
8:09 of 1st period - Shot Misses the Net.
8:11 of 1st period - Snap shot by Jussi Jokinen.
8:11 of 1st period - Shot Misses the Net.
8:13 of 1st period - Backhand shot by Jussi Jokinen.
8:13 of 1st period - Stopped by Martin Biron with a rebound.
8:15 of 1st period - Slapshot by Niklas Kronwall.
8:15 of 1st period - Deflect By Milan Hejduk.
8:15 of 1st period - Stopped by Martin Biron with a rebound.
8:48 of 1st period - Slapshot by Andrei Markov.
8:48 of 1st period - Stopped by Maxime Daigneault without a rebound.
8:49 of 1st period - Henrik Sedin wins face-off versus Zenon Konopka in Jets zone.
9:04 of 1st period - Snap shot by Dainius Zubrus.
9:04 of 1st period - Shot Misses the Net.
9:22 of 1st period - Wrist shot by Milan Hejduk.
9:22 of 1st period - Shot Blocked by Wade Redden.
9:24 of 1st period - Slapshot by Vitaly Vishnevsky.
9:24 of 1st period - Deflect By Mikko Koivu.
9:24 of 1st period - Stopped by Maxime Daigneault without a rebound.
9:25 of 1st period - Jason Allison wins face-off versus Henrik Sedin in Jets zone.
9:34 of 1st period - Bobby Ryan is hit by Jason Allison and loses puck.
9:53 of 1st period - Icing by Daniel Sedin.
9:54 of 1st period - Jason Arnott wins face-off versus Mikko Koivu in Sharks zone.
9:57 of 1st period - Slapshot by Benoit Pouliot.
9:57 of 1st period - Shot Blocked by Andrei Markov.
9:59 of 1st period - Snap shot by Wade Redden.
9:59 of 1st period - Stopped by Martin Biron with a rebound.
10:19 of 1st period - Wrist shot by Mike Fisher.
10:19 of 1st period - Shot Misses the Net.
10:21 of 1st period - Slapshot by Joni Pitkanen.
10:21 of 1st period - Shot Blocked by Bryce Salvador.
10:23 of 1st period - Slapshot by Andrei Markov.
10:23 of 1st period - Stopped by Maxime Daigneault with a rebound.
10:25 of 1st period - Backhand shot by Georges Laraque.
10:25 of 1st period - Deflect By Ryan Malone.
10:25 of 1st period - Stopped by Maxime Daigneault with a rebound.
10:27 of 1st period - Slapshot by Ryan Malone.
10:27 of 1st period - Shot Misses the Net.
10:29 of 1st period - Wrist shot by Georges Laraque.
10:29 of 1st period - Deflect By Ryan Malone.
10:29 of 1st period - Stopped by Maxime Daigneault without a rebound.
10:30 of 1st period - Jason Arnott wins face-off versus Henrik Sedin in Jets zone.
10:37 of 1st period - Wrist shot by Martin Erat.
10:37 of 1st period - Goal by Martin Erat - Sharks : 0 - Jets : 1.
10:38 of 1st period - Henrik Sedin wins face-off versus Jason Allison in neutral zone.
11:13 of 1st period - Slapshot by Milan Hejduk.
11:13 of 1st period - Shot Blocked by Wade Redden.
11:15 of 1st period - Backhand shot by Tomas Fleischmann.
11:15 of 1st period - Stopped by Maxime Daigneault with a rebound.
11:24 of 1st period - Icing by Wade Redden.
11:25 of 1st period - Tuomo Ruutu wins face-off versus Mike Fisher in Jets zone.
11:52 of 1st period - Icing by Pavel Kubina.
11:53 of 1st period - Henrik Sedin wins face-off versus Jussi Jokinen in Jets zone.
12:00 of 1st period - Backhand shot by Jason Allison.
12:00 of 1st period - Deflect By Jussi Jokinen.
12:00 of 1st period - Stopped by Martin Biron without a rebound.
12:01 of 1st period - Jason Allison wins face-off versus Henrik Sedin in Sharks zone.
12:01 of 1st period - Minor Penalty to Andrei Markov for High sticking.
12:02 of 1st period - Jason Allison wins face-off versus Henrik Sedin in Sharks zone.
12:09 of 1st period - Snap shot by Benoit Pouliot.
12:09 of 1st period - Shot Misses the Net.
12:11 of 1st period - Wrist shot by Jason Allison.
12:11 of 1st period - Shot Misses the Net.
12:13 of 1st period - Slapshot by Pavel Kubina.
12:13 of 1st period - Shot Misses the Net.
13:01 of 1st period - Snap shot by Milan Hejduk.
13:01 of 1st period - Shot Misses the Net.
13:17 of 1st period - Justin Williams is hit by Mike Komisarek and loses puck.
14:01 of 1st period - Penalty to Andrei Markov is over, Andrei Markov is back on ice.
14:06 of 1st period - Wrist shot by Andrei Markov.
14:06 of 1st period - Shot Blocked by Dmitri Kalinin.
14:12 of 1st period - Mike Fisher is hit by Jussi Jokinen.
15:22 of 1st period - Daniel Sedin is hit by Martin Erat and loses puck.
15:35 of 1st period - Snap shot by Mikko Koivu.
15:35 of 1st period - Shot Misses the Net.
15:49 of 1st period - Icing by Joni Pitkanen.
15:50 of 1st period - Jason Allison wins face-off versus Mikko Koivu in Sharks zone.
16:35 of 1st period - Backhand shot by Milan Hejduk.
16:35 of 1st period - Shot Misses the Net.
16:37 of 1st period - Snap shot by Mikko Koivu.
16:37 of 1st period - Stopped by Maxime Daigneault without a rebound.
16:38 of 1st period - Henrik Sedin wins face-off versus Jason Allison in Jets zone.
17:32 of 1st period - Bryce Salvador is hit by Bates Battaglia and loses puck.
17:52 of 1st period - Slapshot by Zenon Konopka.
17:52 of 1st period - Stopped by Martin Biron with a rebound.
17:54 of 1st period - Wrist shot by Mike Leclerc.
17:54 of 1st period - Stopped by Martin Biron with a rebound.
17:58 of 1st period - Snap shot by Pavel Kubina.
17:58 of 1st period - Stopped by Martin Biron without a rebound.
17:59 of 1st period - Jason Allison wins face-off versus Mike Fisher in Sharks zone.
18:02 of 1st period - Snap shot by Jason Allison.
18:02 of 1st period - Stopped by Martin Biron with a rebound.
18:04 of 1st period - Wrist shot by Jussi Jokinen.
18:04 of 1st period - Stopped by Martin Biron with a rebound.
18:06 of 1st period - Snap shot by Jussi Jokinen.
18:06 of 1st period - Shot Misses the Net.
18:31 of 1st period - Snap shot by Benoit Pouliot.
18:31 of 1st period - Shot Blocked by Adam Mair.
18:51 of 1st period - Snap shot by Daniel Sedin.
18:51 of 1st period - Deflect By Henrik Sedin.
18:51 of 1st period - Shot Misses the Net.
18:51 of 1st period - Puck is out of play.
18:52 of 1st period - Tuomo Ruutu wins face-off versus Bobby Ryan in Jets zone.
19:44 of 1st period - Icing by Ryan Malone.
19:45 of 1st period - Jason Allison wins face-off versus Mike Fisher in Sharks zone.
19:46 of 1st period - Slapshot by Jussi Jokinen.
19:46 of 1st period - Stopped by Martin Biron without a rebound.
19:47 of 1st period - Henrik Sedin wins face-off versus Jason Allison in Sharks zone.
19:58 of 1st period - Slapshot by Jason Allison.
19:58 of 1st period - Stopped by Martin Biron with a rebound.
2nd period
0:01 of 2nd period - Jason Allison wins face-off versus Henrik Sedin in neutral zone.
0:10 of 2nd period - Wrist shot by Zigmund Palffy.
0:10 of 2nd period - Shot Misses the Net.
0:37 of 2nd period - Snap shot by Jason Arnott.
0:37 of 2nd period - Shot Misses the Net.
0:51 of 2nd period - Slapshot by Mike Fisher.
0:51 of 2nd period - Shot Misses the Net.
0:53 of 2nd period - Slapshot by Joni Pitkanen.
0:53 of 2nd period - Shot Misses the Net.
0:55 of 2nd period - Slapshot by Andrei Markov.
0:55 of 2nd period - Shot Blocked by Colin White.
0:57 of 2nd period - Wrist shot by Mike Fisher.
0:57 of 2nd period - Stopped by Maxime Daigneault with a rebound.
0:59 of 2nd period - Wrist shot by Mike Fisher.
0:59 of 2nd period - Stopped by Maxime Daigneault without a rebound.
1:00 of 2nd period - Henrik Sedin wins face-off versus Jason Allison in Jets zone.
1:01 of 2nd period - Wrist shot by Bobby Ryan.
1:01 of 2nd period - Shot Misses the Net.
1:03 of 2nd period - Snap shot by Henrik Sedin.
1:03 of 2nd period - Stopped by Maxime Daigneault with a rebound.
1:05 of 2nd period - Backhand shot by Dan Girardi.
1:05 of 2nd period - Stopped by Maxime Daigneault without a rebound.
1:06 of 2nd period - Henrik Sedin wins face-off versus Jason Allison in Jets zone.
2:01 of 2nd period - Icing by Justin Williams.
2:02 of 2nd period - Henrik Sedin wins face-off versus Tuomo Ruutu in Jets zone.
2:07 of 2nd period - Slapshot by Henrik Sedin.
2:07 of 2nd period - Shot Misses the Net.
2:19 of 2nd period - Wade Redden is hit by Daniel Sedin and loses puck.
2:35 of 2nd period - Wrist shot by Tuomo Ruutu.
2:35 of 2nd period - Stopped by Martin Biron without a rebound.
2:36 of 2nd period - Mikko Koivu wins face-off versus Jason Allison in Sharks zone.
2:49 of 2nd period - Wrist shot by Milan Hejduk.
2:49 of 2nd period - Stopped by Maxime Daigneault without a rebound.
2:50 of 2nd period - Jason Allison wins face-off versus Henrik Sedin in Jets zone.
2:54 of 2nd period - Off-side.
2:55 of 2nd period - Henrik Sedin wins face-off versus Jason Allison in neutral zone.
2:58 of 2nd period - Dmitri Kalinin is hit by Andrei Markov and loses puck.
3:43 of 2nd period - Joni Pitkanen is hit by Wade Redden and loses puck.
4:02 of 2nd period - Joni Pitkanen is hit by Peter Worrell and loses puck.
4:30 of 2nd period - Minor Penalty to Mike Johnson for Interference.
4:31 of 2nd period - Henrik Sedin wins face-off versus Jason Allison in Sharks zone.
4:40 of 2nd period - Snap shot by Benoit Pouliot.
4:40 of 2nd period - Goal by Benoit Pouliot - Sharks : 0 - Jets : 2.
4:41 of 2nd period - Henrik Sedin wins face-off versus Jason Allison in neutral zone.
4:44 of 2nd period - Wrist shot by Henrik Sedin.
4:44 of 2nd period - Shot Misses the Net.
4:54 of 2nd period - Bobby Ryan is hit by Zigmund Palffy and loses puck.
5:09 of 2nd period - Icing by Milan Hejduk.
5:10 of 2nd period - Mikko Koivu wins face-off versus Jason Arnott in Sharks zone.
5:47 of 2nd period - Wrist shot by Mikko Koivu.
5:47 of 2nd period - Goal by Mikko Koivu - Sharks : 1 - Jets : 2.
5:48 of 2nd period - Henrik Sedin wins face-off versus Jason Allison in neutral zone.
6:13 of 2nd period - Mike Fisher is hit by Benoit Pouliot and loses puck.
6:43 of 2nd period - Slapshot by Adam Mair.
6:43 of 2nd period - Shot Misses the Net.
7:12 of 2nd period - Wrist shot by Benoit Pouliot.
7:12 of 2nd period - Stopped by Martin Biron with a rebound.
7:32 of 2nd period - Slapshot by Henrik Sedin.
7:32 of 2nd period - Deflect By Daniel Sedin.
7:32 of 2nd period - Stopped by Maxime Daigneault with a rebound.
7:34 of 2nd period - Wrist shot by Daniel Sedin.
7:34 of 2nd period - Stopped by Maxime Daigneault with a rebound.
8:09 of 2nd period - Off-side.
8:10 of 2nd period - Tuomo Ruutu wins face-off versus Adam Mair in neutral zone.
8:41 of 2nd period - Minor Penalty to Zenon Konopka for Goalie Interference.
8:42 of 2nd period - Henrik Sedin wins face-off versus Jason Arnott in Jets zone.
8:46 of 2nd period - Slapshot by Andrei Markov.
8:46 of 2nd period - Shot Blocked by Dmitri Kalinin.
8:48 of 2nd period - Slapshot by Joni Pitkanen.
8:48 of 2nd period - Shot Misses the Net.
8:50 of 2nd period - Slapshot by Joni Pitkanen.
8:50 of 2nd period - Shot Blocked by Bryce Salvador.
8:52 of 2nd period - Slapshot by Bobby Ryan.
8:52 of 2nd period - Stopped by Maxime Daigneault with a rebound.
8:54 of 2nd period - Slapshot by Andrei Markov.
8:54 of 2nd period - Shot Blocked by Mike Leclerc.
9:13 of 2nd period - Off-side.
9:14 of 2nd period - Peter Worrell wins face-off versus Henrik Sedin in neutral zone.
9:27 of 2nd period - Wrist shot by Bobby Ryan.
9:27 of 2nd period - Stopped by Maxime Daigneault with a rebound.
9:29 of 2nd period - Wrist shot by Henrik Sedin.
9:29 of 2nd period - Stopped by Maxime Daigneault with a rebound.
10:41 of 2nd period - Penalty to Zenon Konopka is over, Zenon Konopka is back on ice.
10:51 of 2nd period - Colin White is hit by Mike Komisarek.
10:55 of 2nd period - Slapshot by Wade Redden.
10:55 of 2nd period - Shot Misses the Net.
10:57 of 2nd period - Snap shot by Mike Leclerc.
10:57 of 2nd period - Deflect By Tuomo Ruutu.
10:57 of 2nd period - Stopped by Martin Biron with a rebound.
10:59 of 2nd period - Slapshot by Mike Leclerc.
10:59 of 2nd period - Shot Misses the Net.
11:01 of 2nd period - Snap shot by Zenon Konopka.
11:01 of 2nd period - Stopped by Martin Biron with a rebound.
11:03 of 2nd period - Snap shot by Mike Leclerc.
11:03 of 2nd period - Shot Misses the Net.
11:05 of 2nd period - Slapshot by Dmitri Kalinin.
11:05 of 2nd period - Shot Blocked by Dan Girardi.
11:18 of 2nd period - Slapshot by Tuomo Ruutu.
11:18 of 2nd period - Shot Misses the Net.
11:20 of 2nd period - Slapshot by Mike Leclerc.
11:20 of 2nd period - Stopped by Martin Biron with a rebound.
11:22 of 2nd period - Snap shot by Tuomo Ruutu.
11:22 of 2nd period - Shot Blocked by Dan Girardi.
11:24 of 2nd period - Snap shot by Zenon Konopka.
11:24 of 2nd period - Deflect By Tuomo Ruutu.
11:24 of 2nd period - Shot Misses the Net.
11:24 of 2nd period - Puck is out of play.
11:25 of 2nd period - Henrik Sedin wins face-off versus Jason Allison in Sharks zone.
11:52 of 2nd period - Martin Erat is hit by Milan Hejduk.
13:03 of 2nd period - Colin White is hit by Tomas Fleischmann and loses puck.
13:28 of 2nd period - Zigmund Palffy is hit by Mike Komisarek and loses puck.
14:31 of 2nd period - Icing by Zigmund Palffy.
14:32 of 2nd period - Jason Allison wins face-off versus Henrik Sedin in Jets zone.
15:18 of 2nd period - Snap shot by Jason Arnott.
15:18 of 2nd period - Stopped by Martin Biron without a rebound.
15:19 of 2nd period - Jason Allison wins face-off versus Mike Fisher in Sharks zone.
15:30 of 2nd period - Slapshot by Jussi Jokinen.
15:30 of 2nd period - Stopped by Martin Biron with a rebound.
15:32 of 2nd period - Backhand shot by Bryce Salvador.
15:32 of 2nd period - Stopped by Martin Biron without a rebound.
15:33 of 2nd period - Henrik Sedin wins face-off versus Jason Allison in Sharks zone.
15:38 of 2nd period - Wrist shot by Joni Pitkanen.
15:38 of 2nd period - Stopped by Maxime Daigneault with a rebound.
15:40 of 2nd period - Snap shot by Daniel Sedin.
15:40 of 2nd period - Deflect By Henrik Sedin.
15:40 of 2nd period - Stopped by Maxime Daigneault with a rebound.
15:42 of 2nd period - Snap shot by Henrik Sedin.
15:42 of 2nd period - Stopped by Maxime Daigneault with a rebound.
15:44 of 2nd period - Wrist shot by Bobby Ryan.
15:44 of 2nd period - Stopped by Maxime Daigneault with a rebound.
15:46 of 2nd period - Wrist shot by Daniel Sedin.
15:46 of 2nd period - Stopped by Maxime Daigneault without a rebound.
15:47 of 2nd period - Henrik Sedin wins face-off versus Jason Allison in Jets zone.
15:48 of 2nd period - Slapshot by Daniel Sedin.
15:48 of 2nd period - Shot Misses the Net.
15:52 of 2nd period - Snap shot by Henrik Sedin.
15:52 of 2nd period - Shot Blocked by Bryce Salvador.
15:54 of 2nd period - Wrist shot by Andrei Markov.
15:54 of 2nd period - Stopped by Maxime Daigneault without a rebound.
15:55 of 2nd period - Jason Allison wins face-off versus Henrik Sedin in Jets zone.
16:00 of 2nd period - Bobby Ryan is hit by Wade Redden and loses puck.
16:07 of 2nd period - Wade Redden is hit by Joni Pitkanen.
16:12 of 2nd period - Off-side.
16:13 of 2nd period - Jason Arnott wins face-off versus Mikko Koivu in neutral zone.
16:29 of 2nd period - Slapshot by Joni Pitkanen.
16:29 of 2nd period - Stopped by Maxime Daigneault with a rebound.
17:12 of 2nd period - Wrist shot by Justin Williams.
17:12 of 2nd period - Stopped by Martin Biron without a rebound.
17:13 of 2nd period - Tomas Fleischmann wins face-off versus Martin Erat in Sharks zone.
17:24 of 2nd period - Wade Redden is hit by Dan Girardi and loses puck.
19:12 of 2nd period - Slapshot by Niklas Kronwall.
19:12 of 2nd period - Shot Misses the Net.
19:29 of 2nd period - Icing by Milan Hejduk.
19:30 of 2nd period - Adam Mair wins face-off versus Zenon Konopka in Sharks zone.
3rd period
0:01 of 3rd period - Jason Allison wins face-off versus Henrik Sedin in neutral zone.
0:34 of 3rd period - Slapshot by Martin Erat.
0:34 of 3rd period - Deflect By Jason Arnott.
0:34 of 3rd period - Stopped by Martin Biron with a rebound.
0:38 of 3rd period - Wrist shot by Jason Arnott.
0:38 of 3rd period - Stopped by Martin Biron with a rebound.
0:51 of 3rd period - Minor Penalty to Justin Williams for Tripping.
0:52 of 3rd period - Jason Arnott wins face-off versus Henrik Sedin in Jets zone.
1:01 of 3rd period - Wrist shot by Mike Leclerc.
1:01 of 3rd period - Stopped by Martin Biron with a rebound.
1:03 of 3rd period - Wrist shot by Jason Arnott.
1:03 of 3rd period - Stopped by Martin Biron without a rebound.
1:04 of 3rd period - Henrik Sedin wins face-off versus Jason Arnott in Sharks zone.
2:51 of 3rd period - Penalty to Justin Williams is over, Justin Williams is back on ice.
3:29 of 3rd period - Vitaly Vishnevsky is hit by Jussi Jokinen and loses puck.
4:11 of 3rd period - Henrik Sedin is hit by Wade Redden and loses puck.
5:16 of 3rd period - Benoit Pouliot is hit by Mike Fisher.
5:26 of 3rd period - Snap shot by Henrik Sedin.
5:26 of 3rd period - Stopped by Maxime Daigneault with a rebound.
6:07 of 3rd period - Off-side.
6:08 of 3rd period - Tuomo Ruutu wins face-off versus Henrik Sedin in neutral zone.
6:16 of 3rd period - Off-side.
6:17 of 3rd period - Jason Allison wins face-off versus Bobby Ryan in neutral zone.
6:24 of 3rd period - Slapshot by Pavel Kubina.
6:24 of 3rd period - Stopped by Martin Biron without a rebound.
6:25 of 3rd period - Henrik Sedin wins face-off versus Jason Allison in Sharks zone.
6:32 of 3rd period - Jussi Jokinen is hit by Andrei Markov and loses puck.
6:39 of 3rd period - Wrist shot by Henrik Sedin.
6:39 of 3rd period - Stopped by Maxime Daigneault with a rebound.
6:41 of 3rd period - Backhand shot by Joni Pitkanen.
6:41 of 3rd period - Shot Misses the Net.
6:43 of 3rd period - Slapshot by Andrei Markov.
6:43 of 3rd period - Shot Blocked by Dmitri Kalinin.
7:06 of 3rd period - Minor Penalty to Daniel Sedin for Cross-checking.
7:07 of 3rd period - Jason Arnott wins face-off versus Henrik Sedin in Sharks zone.
9:06 of 3rd period - Penalty to Daniel Sedin is over, Daniel Sedin is back on ice.
9:17 of 3rd period - Snap shot by Mikko Koivu.
9:17 of 3rd period - Shot Blocked by Niklas Kronwall.
9:19 of 3rd period - Wrist shot by Tomas Fleischmann.
9:19 of 3rd period - Goal by Tomas Fleischmann - Sharks : 2 - Jets : 2.
9:20 of 3rd period - Tuomo Ruutu wins face-off versus Henrik Sedin in neutral zone.
9:25 of 3rd period - Minor Penalty to Mike Komisarek for High sticking.
9:26 of 3rd period - Jason Allison wins face-off versus Henrik Sedin in Sharks zone.
11:25 of 3rd period - Penalty to Mike Komisarek is over, Mike Komisarek is back on ice.
11:52 of 3rd period - Dainius Zubrus is hit by Adam Mair and loses puck.
12:25 of 3rd period - Colin White is hit by Joni Pitkanen and loses puck.
12:59 of 3rd period - Dainius Zubrus is hit by Daniel Sedin and loses puck.
13:26 of 3rd period - Jason Allison is hit by Andrei Markov and loses puck.
13:41 of 3rd period - Minor Penalty to Justin Williams for Hooking.
13:42 of 3rd period - Jason Arnott wins face-off versus Henrik Sedin in Jets zone.
15:41 of 3rd period - Penalty to Justin Williams is over, Justin Williams is back on ice.
15:52 of 3rd period - Wrist shot by Mike Johnson.
15:52 of 3rd period - Stopped by Maxime Daigneault with a rebound.
16:10 of 3rd period - Wrist shot by Zigmund Palffy.
16:10 of 3rd period - Shot Misses the Net.
16:12 of 3rd period - Slapshot by Colin White.
16:12 of 3rd period - Stopped by Martin Biron with a rebound.
16:14 of 3rd period - Slapshot by Wade Redden.
16:14 of 3rd period - Shot Misses the Net.
16:16 of 3rd period - Wrist shot by Wade Redden.
16:16 of 3rd period - Stopped by Martin Biron without a rebound.
16:17 of 3rd period - Martin Erat wins face-off versus Mike Fisher in Sharks zone.
16:30 of 3rd period - Mike Fisher is hit by Benoit Pouliot and loses puck.
16:47 of 3rd period - Snap shot by Henrik Sedin.
16:47 of 3rd period - Shot Blocked by Pavel Kubina.
16:49 of 3rd period - Snap shot by Dan Girardi.
16:49 of 3rd period - Shot Blocked by Pavel Kubina.
16:51 of 3rd period - Slapshot by Bobby Ryan.
16:51 of 3rd period - Stopped by Maxime Daigneault with a rebound.
16:53 of 3rd period - Backhand shot by Bobby Ryan.
16:53 of 3rd period - Shot Misses the Net.
16:55 of 3rd period - Slapshot by Dan Girardi.
16:55 of 3rd period - Shot Blocked by Dmitri Kalinin.
16:57 of 3rd period - Slapshot by Mike Komisarek.
16:57 of 3rd period - Shot Blocked by Jussi Jokinen.
16:59 of 3rd period - Snap shot by Daniel Sedin.
16:59 of 3rd period - Shot Misses the Net.
17:00 of 3rd period - Minor Penalty to Pavel Kubina for Holding.
17:01 of 3rd period - Henrik Sedin wins face-off versus Jason Arnott in Jets zone.
19:00 of 3rd period - Penalty to Pavel Kubina is over, Pavel Kubina is back on ice.
19:21 of 3rd period - Mike Fisher is hit by Jussi Jokinen and loses puck.
Overtime #1
0:01 of 1st overtime period - Henrik Sedin wins face-off versus Jason Allison in neutral zone.
0:48 of 1st overtime period - Milan Hejduk is hit by Jason Arnott and loses puck.
1:10 of 1st overtime period - Slapshot by Wade Redden.
1:10 of 1st overtime period - Deflect By Tuomo Ruutu.
1:10 of 1st overtime period - Shot Misses the Net.
1:10 of 1st overtime period - Puck is out of play.
1:11 of 1st overtime period - Mike Fisher wins face-off versus Jussi Jokinen in Sharks zone.
1:36 of 1st overtime period - Tuomo Ruutu is hit by Bobby Ryan and loses puck.
1:47 of 1st overtime period - Mike Fisher is hit by Tuomo Ruutu and loses puck.
2:00 of 1st overtime period - Wrist shot by Tuomo Ruutu.
2:00 of 1st overtime period - Shot Misses the Net.
2:02 of 1st overtime period - Snap shot by Jussi Jokinen.
2:02 of 1st overtime period - Deflect By Tuomo Ruutu.
2:02 of 1st overtime period - Shot Blocked by Joni Pitkanen.
2:02 of 1st overtime period - Puck is out of play.
2:03 of 1st overtime period - Jason Allison wins face-off versus Henrik Sedin in Sharks zone.
2:18 of 1st overtime period - Wrist shot by Daniel Sedin.
2:18 of 1st overtime period - Stopped by Maxime Daigneault with a rebound.
2:40 of 1st overtime period - Icing by Henrik Sedin.
2:41 of 1st overtime period - Jason Allison wins face-off versus Henrik Sedin in Sharks zone.
3:27 of 1st overtime period - Slapshot by Bobby Ryan.
3:27 of 1st overtime period - Stopped by Maxime Daigneault with a rebound.
3:29 of 1st overtime period - Slapshot by Bobby Ryan.
3:29 of 1st overtime period - Shot Misses the Net.
3:31 of 1st overtime period - Snap shot by Bobby Ryan.
3:31 of 1st overtime period - Shot Blocked by Jussi Jokinen.
3:55 of 1st overtime period - Zigmund Palffy is hit by Dan Girardi and loses puck.
4:49 of 1st overtime period - Wrist shot by Milan Hejduk.
4:49 of 1st overtime period - Stopped by Maxime Daigneault with a rebound.
4:51 of 1st overtime period - Wrist shot by David Hale.
4:51 of 1st overtime period - Stopped by Maxime Daigneault without a rebound.
4:52 of 1st overtime period - Jason Allison wins face-off versus Mikko Koivu in Jets zone.
4:52 of 1st overtime period - Jason Allison is hit by Mikko Koivu.
ShootOut
5:00 of 1st overtime period - Penalty Shot by Henrik Sedin for Sharks.
5:00 of 1st overtime period - Backhand shot by Henrik Sedin.
5:00 of 1st overtime period - Goal by Henrik Sedin.
5:00 of 1st overtime period - Penalty Shot by Peter Worrell for Jets.
5:00 of 1st overtime period - Snap shot by Peter Worrell.
5:00 of 1st overtime period - Stopped by Martin Biron.
5:00 of 1st overtime period - Penalty Shot by Daniel Sedin for Sharks.
5:00 of 1st overtime period - Wrist shot by Daniel Sedin.
5:00 of 1st overtime period - Stopped by Maxime Daigneault.
5:00 of 1st overtime period - Penalty Shot by Jason Arnott for Jets.
5:00 of 1st overtime period - Wrist shot by Jason Arnott.
5:00 of 1st overtime period - Stopped by Martin Biron.
5:00 of 1st overtime period - Penalty Shot by Ryan Malone for Sharks.
5:00 of 1st overtime period - Snap shot by Ryan Malone.
5:00 of 1st overtime period - Stopped by Maxime Daigneault.
5:00 of 1st overtime period - Penalty Shot by Benoit Pouliot for Jets.
5:00 of 1st overtime period - Snap shot by Benoit Pouliot.
5:00 of 1st overtime period - Stopped by Martin Biron.
Output by the SimonT Hockey Simulator (STHS) for François Prévost -- Original Page W3C XHTML 1.0 Valid